 Dungeon Crawl Stone Soup version 0.29-a0-723-gce39da1c22 (webtiles) character file.

Game seed: 3611037496144560975

5 blackman the Sneak (level 1, 18/18 HPs)
             Began as a Human Delver on June 28, 2022.
             Quit the game in the Ecumenical Temple.
             The game lasted 00:00:26 (283 turns).

blackman the Sneak (Human Delver)                    Turns: 283, Time: 00:00:27

Health: 18/18      AC:  3    Str: 12    XL:     1   Next: 88%
Magic:  1/1        EV: 12    Int: 10    God:
Gold:   39         SH:  0    Dex: 14    Spells: 0/0 levels left

rFire   . . .      SeeInvis .   a - +0 hand axe
rCold   . . .      Faith    .   (no shield)
rNeg    . . .      Spirit   .   b - +0 leather armour
rPois   .          Reflect  .   (no helmet)
rElec   .          Harm     .   (no cloak)
rCorr   .          Rampage  .   (no gloves)
Will    .....                   (no boots)
Stlth   +++.......              (no amulet)
HPRegen 0.06/turn               (no ring)
MPRegen 0.07/turn               (no ring)

@: no status effects
A: no striking features
a: no special abilities


You were in the Ecumenical Temple.
You visited 2 branches of the dungeon, and saw 2 of its levels.

You collected 39 gold pieces.

Inventory:

Hand Weapons
 a - a +0 hand axe (weapon)
Armour
 b - a +0 leather armour (worn)
Wands
 g - a wand of digging (3)
Scrolls
 c - a scroll of fog
 d - a scroll of magic mapping
 e - a scroll of fear
Potions
 f - a potion of haste
 h - 2 potions of curing {unknown}


   Skills:
 - Level 3.0 Fighting
 + Level 2.5 Axes
 - Level 2.0 Dodging
 - Level 5.0 Stealth


You couldn't memorise any spells.
You didn't know any spells.
Your spell library was empty.

Dungeon Overview and Level Annotations

Branches:
Dungeon (5/15)             Temple (1/1) D:5

Altars:
Dithmenos
Fedhas
Hepliaklqana
Kikubaaqudgha
Nemelex Xobeh
Ru
Trog
Uskayaw
Vehumet
Wu Jian
Xom
Yredelemnul
Zin
The Shining One


Message History

Press: ? - help, Dir - move target, f - you That would be overly suicidal.
Okay, then.
Unknown command.
Unknown command.
Key pressed, stopping explore.
Key pressed, stopping explore.
Key pressed, stopping explore.
HP restored.
You now have 19 gold pieces.
You see here 7 stones.
You now have 39 gold pieces (gained 20).
Key pressed, stopping explore.
h - 2 yellow potions
There is a stone staircase leading up here.
Found a staircase to the Ecumenical Temple.
There is a staircase to the Ecumenical Temple here.
You climb downwards.
Welcome to the Ecumenical Temple!
There is a staircase back to the Dungeon here.
Key pressed, stopping explore.
Found a shimmering altar of Xom.
Found an ornate altar of the Wu Jian Council.
Found a basalt altar of Yredelemnul.
Found a sacrificial altar of Ru.
Found a hide-covered altar of Uskayaw and a shadowy altar of Dithmenos.
Found a glowing silver altar of Zin.
Found a glowing golden altar of the Shining One.
Found a blossoming altar of Fedhas.
Found a radiant altar of Vehumet.
Found a bloodstained altar of Trog.
Found a hazy altar of Hepliaklqana.
Found a sparkling altar of Nemelex Xobeh.
Found an ancient bone altar of Kikubaaqudgha.
Done exploring.
Done exploring.
Done exploring.
Done exploring.
Unknown command.
Unknown command.
Are you sure you want to abandon this character and quit the game? (Confirm with "yes".)

♣._...⌠.....♣ ♣..
♣...........♣ ♣..
♣♣......_..♣♣♣ ♣♣♣.
♣♣♣......♣..♣♣♣..♣
♣♣♣♣♣♣♣♣♣♣...♣♣♣
♣♣♣♣♣♣♣♣ ♣♣♣..≈..♣♣
♣♣......♣♣♣♣♣♣...≈≈≈...
♣♣.._......♣...♣♣..≈..♣♣
♣......@....♣♣♣♣♣♣...♣♣♣
♣._...⌠.._..♣ ♣♣.♣♣
♣...........♣ ♣♣♣.♣♣♣
♣♣..._.....♣♣ ♣♣♣.....♣♣
♣♣♣.....♣♣♣ ♣♣.........
♣♣♣♣♣♣♣ ♣..........
♣.....<.... ♣..........
♣♣.........


There were no monsters in sight!

Vanquished Creatures
  An ufetubus (D:5)
1 creature vanquished.

Notes
Turn   | Place    | Note
-------+----------+-------------------------------------------
     0 | D:5      | blackman the Human Delver began the quest for the Orb.
     0 | D:5      | Reached XP level 1. HP: 18/18 MP: 1/1
   206 | D:5      | Found a staircase to the Ecumenical Temple.
   215 | Temple   | Entered the Ecumenical Temple
   283 | Temple   | Quit the game

Illustrated notes

Levels and vault maps discovered:
D:5:      layout_loops_ring, grunt_qazlal_sundering, minmay_temple_entry_waves
Temple:   jpeg_temple_clearing

Action                   || total
-------------------------++-------
Melee: Hand axe          ||    10
Armor: Leather armour    ||     5
Dodge: Dodged            ||    22

Table legend: (Time is in decaauts)
 A = Elapsed time spent in this place.
 B = Non-inter-level travel time spent in this place.
 C = Inter-level travel time spent in this place.
 D = Time resting spent in this place.
 E = Time spent auto-exploring this place.
 F = Levels seen in this place.
 G = Mean time per level.
                   A        B        C        D        E       F      G
               +--------+--------+--------+--------+--------+-----+--------+
         Total |    284 |    284 |      0 |      0 |    244 |   2 |  142.0 |
       Dungeon |    217 |    217 |      0 |      0 |    190 |   1 |  217.0 |
        Temple |     67 |     67 |      0 |      0 |     54 |   1 |   67.0 |
               +--------+--------+--------+--------+--------+-----+--------+

Top non-repeatable levels by time:
     D:5: 217 daAuts
  Temple: 67 daAuts
